 Dungeon Crawl Stone Soup version 0.30-a0-637-gacddeb6d44 (webtiles) character file.

Game seed: 17790501059462769053

14 Leeroy the Slasher (level 2, 0/17 HPs)
             Began as a Tengu Warper on Jan 15, 2023.
             Slain by a giant cockroach (1 damage)
             ... on level 1 of the Dungeon.
             The game lasted 00:01:08 (430 turns).

Leeroy the Slasher (Tengu Warper)                    Turns: 430, Time: 00:01:08

Health: 0/17       AC:  3    Str: 11    XL:     2   Next: 41%
Magic:  6/6        EV: 11    Int: 13    God:
Gold:   4          SH:  0    Dex: 13    Spells: 5/5 levels left

rFire   . . .      SeeInvis .    a - +0 falchion
rCold   . . .      Faith    .    (no shield)
rNeg    . . .      Spirit   .    b - +0 leather armour
rPois   .          Reflect  .    (helmet restricted)
rElec   .          Harm     .    (no cloak)
rCorr   .          Rampage  .    (no gloves)
Will    .....                    (boots unavailable)
Stlth   +                        (no amulet)
HPRegen 0.22/turn                (no ring)
MPRegen 0.10/turn                (no ring)

@: no status effects
A: beak, talons 3
a: no special abilities


You were on level 1 of the Dungeon.
You visited 1 branch of the dungeon, and saw 1 of its levels.

You collected 4 gold pieces.

Inventory:

Hand Weapons
 a - a +0 falchion (weapon)
Missiles
 d - 7 boomerangs of dispersal (quivered)
 i - 6 boomerangs
Armour
 b - a +0 leather armour (worn)
Scrolls
 c - a scroll of blinking
 e - a scroll of teleportation {unknown}
 f - 2 scrolls of amnesia {unknown}
 g - a scroll of butterflies {unknown}
 j - a scroll of immolation {unknown}
 k - a scroll of vulnerability {unknown}
Potions
 h - a potion of curing {unknown}


   Skills:
 - Level 2.1 Fighting
 + Level 2.8 Long Blades
 - Level 1.0 Throwing
 - Level 1.1 Armour
 - Level 2.1 Dodging
 - Level 2.0 Spellcasting
 - Level 2.6 Translocations


You had 5 spell levels left.
You didn't know any spells.
Your spell library contained the following spells:

 Spells                   Type           Power      Damage    Failure   Level
 Blink                    Tloc           16%        N/A       17%         2
 Lesser Beckoning         Tloc           16%        N/A       32%         3
 Teleport Other           Tloc           8%         N/A       32%         3
 Vhi's Electric Charge    Tloc/Air       8%         N/A       50%         3
 Manifold Assault         Tloc           8%         N/A       73%         4


Dungeon Overview and Level Annotations

Branches:
Dungeon (1/15)

Altars:


Innate Abilities, Weirdness & Mutations

You have a beak for a mouth.
You have claws for feet.


Message History

You kill the quokka!
A rat comes into view.
The kobold hits you but does no damage. The hobgoblin closely misses you.
You hit the kobold but do no damage. Your kick misses the kobold.
The giant cockroach bites you. The kobold closely misses you.
The giant cockroach barely misses you.
You miss the kobold. Your peck misses the kobold.
The giant cockroach closely misses you.
The kobold hits you with a +0 short sword.
The hobgoblin hits you.
You hit the kobold.
The kobold is moderately wounded.
The giant cockroach closely misses you. The goblin barely misses you.
The kobold hits you with a +0 short sword.
The hobgoblin hits you.
The giant cockroach bites you but does no damage.
You are too injured to fight recklessly!
You are too injured to fight recklessly!
You are too injured to fight recklessly!
You are too injured to fight recklessly!
You are too injured to fight recklessly!
You closely miss the kobold.
The kobold is moderately wounded.
The hobgoblin barely misses you. The goblin hits you but does no damage.
The kobold barely misses you. The giant cockroach barely misses you.
You hit the kobold.
You kill the kobold!
The hobgoblin hits you.
* * * LOW HITPOINT WARNING * * *
The goblin hits you with a +0 dagger.
* * * LOW HITPOINT WARNING * * *
The giant cockroach closely misses you. The hobgoblin closely misses you.
The goblin hits you with a +0 dagger.
* * * LOW HITPOINT WARNING * * *
The hobgoblin barely misses you.
Things that are here:
a +0 short sword; 5 stones; a kobold corpse The hobgoblin attacks as you move away!
The hobgoblin barely misses you. The giant cockroach bites you.
You die...

### ##.## #.#.## .###.##
## ##.############## ##
# ##............. .. ##
##.########..####.#.#
.###.#######....@......#
#)#..........####B###..#
..........##.# #.g)#
#########.##.# #gg(#
##### #.##.. K.###
....## #....###...
###..# ###..# ..#.
##.######..#!.. .(
#.#.......###. ##


You could see a giant cockroach, 2 hobgoblins and a goblin.

Vanquished Creatures
  An endoplasm (D:1)
  2 giant cockroaches (D:1)
  A hobgoblin (D:1)
  2 kobolds (D:1)
  A quokka (D:1)
  2 ball pythons (D:1)
  A bat (D:1)
  A frilled lizard (D:1)
  2 rats (D:1)
13 creatures vanquished.

Notes
Turn   | Place    | Note
-------+----------+-------------------------------------------
     0 | D:1      | Leeroy the Tengu Warper began the quest for the Orb.
     0 | D:1      | Reached XP level 1. HP: 12/12 MP: 4/4
    63 | D:1      | Found a faded altar of an unknown god.
   230 | D:1      | Reached XP level 2. HP: 11/17 MP: 6/6
   430 | D:1      | Slain by a giant cockroach

Illustrated notes

Levels and vault maps discovered:
D:1:      dpeg_arrival_pits, layout_loops_ring,
          shapermc_ecumenical_altar_ellora, minmay_octomino_c4

Action                   || total
-------------------------++-------
Melee: Falchion          ||    33
       Kick              ||     5
       Peck              ||     3
 Stab: Sleeping          ||     1
Armor: Leather armour    ||     8
Dodge: Dodged            ||    38

Table legend: (Time is in decaauts)
 A = Elapsed time spent in this place.
 B = Non-inter-level travel time spent in this place.
 C = Inter-level travel time spent in this place.
 D = Time resting spent in this place.
 E = Time spent auto-exploring this place.
 F = Levels seen in this place.
 G = Mean time per level.
                   A        B        C        D        E       F      G
               +--------+--------+--------+--------+--------+-----+--------+
         Total |    436 |    436 |      0 |      0 |    343 |   1 |  436.0 |
       Dungeon |    436 |    436 |      0 |      0 |    343 |   1 |  436.0 |
               +--------+--------+--------+--------+--------+-----+--------+

Top non-repeatable levels by time:
     D:1: 436 daAuts
